 Dungeon Crawl Stone Soup version 0.31-a0-521-gc7390f8997 (webtiles) character file.

Game seed: 14651729064219664977

171 Duck the Magician (level 5, -10/28 HPs)
             Began as a Deep Elf Conjurer on Aug 10, 2023.
             Killed by an exploding ball python (23 damage)
             ... ignited by their inner flame
             ... on level 3 of the Dungeon.
             The game lasted 00:15:04 (2774 turns).

Duck the Magician (Deep Elf Conjurer)               Turns: 2774, Time: 00:15:05

Health: -10/28     AC:  4    Str:  4    XL:     5   Next: 26%
Magic:  5/15       EV: 13    Int: 25    God:
Gold:   109        SH:  0    Dex: 13    Spells: 7/15 levels left

rFire   . . .        j - staff of cold
rCold   + . .        (no shield)
rNeg    . . .        a - +0 robe
rPois   .            (no helmet)
rElec   .            (no cloak)
rCorr   .            p - +1 pair of gloves {hurl}
SInv    .            (no boots)
Will    .....        (no amulet)
Stlth   ++           (no ring)
HPRegen 0.24/turn    (no ring)
MPRegen 0.14/turn

%: no passive effects
@: no status effects
A: hooves 2, sense surroundings 1
a: no special abilities


You were on level 3 of the Dungeon.
You visited 1 branch of the dungeon, and saw 3 of its levels.

You collected 109 gold pieces.

Inventory:

Armour
 a - a +0 robe (worn)
 l - a +0 pair of gloves
 p - a +1 pair of gloves of hurling (worn)
Magical Staves
 j - a staff of cold (weapon)
Talismans
 e - a storm talisman
Scrolls
 d - a scroll of fog {unknown}
 g - a scroll of revelation {unknown}
 h - a scroll of identify
 m - a scroll of immolation
 n - a scroll of enchant weapon {unknown}
Potions
 b - a potion of magic
 c - a potion of degeneration {unknown}
 f - a potion of curing {unknown}
 i - a potion of enlightenment {unknown}
 k - a potion of cancellation {unknown}


   Skills:
 - Level 3.4 Dodging
 - Level 2.4 Stealth
 * Level 5.6 Spellcasting
 + Level 5.2 Conjurations
 + Level 1.6 Hexes


You had 7 spell levels left.
You knew the following spells:

 Your Spells              Type           Power      Damage    Failure   Level
a - Magic Dart            Conj           100%       1d8       1%          1
b - Dazzling Flash        Conj/Hex       48%        N/A       5%          3
c - Fulminant Prism       Conj/Hex       12%        3d8       19%         4

Your spell library contained the following spells:

 Spells                   Type           Power      Damage    Failure   Level
 Searing Ray              Conj           66%        2d6       1%          2
 Iskenderun's Mystic Bla  Conj/Tloc      20%        2d6       26%         4


Dungeon Overview and Level Annotations

Branches:
Dungeon (3/15)

Altars:

Annotations:
D:3 Grinder


Innate Abilities, Weirdness & Mutations

You have hoof-like feet.
You passively map a small area around you.


Message History

Casting: Magic Dart (safe; 1% risk of failure)
Confirm with . or Enter, or press ? or * to list all spells.
Casting: Dazzling Flash (quite dangerous; 5% risk of failure)
Press: ? - help, Dir - look around, f - activate Grinder gestures at you.
Pain shoots through your body!
Aiming: Magic Dart (safe; 1% risk of failure)
Press: ? - help, Q - select action Shift-Dir - straight line, f - Grinder
Aim: Grinder (moderately wounded, 100% to hit)
The magic dart hits Grinder.
Grinder is moderately wounded.
As you read the scroll labelled UKOS TIOTHRY, it crumbles to dust.
It is a scroll of identify.
m - 2 scrolls of immolation Grinder hits you.
You writhe in agony.
As you read the scroll of immolation, it crumbles to dust.
The creatures around you are filled with an inner flame!
The ball python misses you. The ball python closely misses you.
Grinder gestures at you. Pain shoots through your body!
Okay, then.
It was a potion of mutation.
You feel extremely strange.
Your feet thicken and deform.
You feel a strange attunement to the structure of the dungeons.
Your feet thicken and deform.
The ball python barely misses you. The ball python misses you.
Grinder blinks!
Unknown command.
You barely miss the ball python.
You kick the ball python, but do no damage.
The ball python misses you. The ball python closely misses you.
The ball python bites you. The ball python grabs you.
The ball python constricts you.
Aiming: Magic Dart (safe; 1% risk of failure)
Press: ? - help, Q - select action Shift-Dir - straight line, f - ball python, p - Grinder
Aim: a ball python (constricting you, inner flame, 100% to hit)
The magic dart hits the ball python.
The ball python explodes!
The fiery explosion engulfs you!!
Ouch! That really hurt!
You die...

... , , , .#..
#.............. ,* .<..
#.............. , *
#..,* #.............. ,
, , .). #..............
****#.####..............
, #.§.##..............
#§##.5............ *
#@§............... *
###.........(.....
#...............
#...............
#............... *
#..####....##.#. * *
#.....#..#.##.#. ,
#.###.#..#.##.#. , #.#
#.#..#.#....


You could see Grinder (inner flame).

Vanquished Creatures
  Natasha (thrice) (D:2)
  2 adders (D:2)
  3 dart slugs
  14 ball pythons
  11 endoplasms
  A giant cockroach (D:2)
  3 goblins (D:1)
  5 hobgoblins
  11 jackals
  A quokka (D:3)
  8 bats
  3 frilled lizards
  A kobold (D:2)
  3 rats
69 creatures vanquished.

Vanquished Creatures (others)
  A fulminant prism (D:3)
1 creature vanquished.

Grand Total: 70 creatures vanquished

Notes
Turn   | Place    | Note
-------+----------+-------------------------------------------
     0 | D:1      | Duck the Deep Elf Conjurer began the quest for the Orb.
     0 | D:1      | Reached XP level 1. HP: 10/10 MP: 6/6
    94 | D:1      | Reached XP level 2. HP: 8/15 MP: 0/8
   485 | D:1      | Reached XP level 3. HP: 19/19 MP: 7/10
  1324 | D:2      | Noticed Natasha
  1327 | D:2      | Killed Natasha
  1328 | D:2      | Reached XP level 4. HP: 24/24 MP: 4/12
  1471 | D:2      | Learned a level 3 spell: Dazzling Flash
  1476 | D:2      | Learned a level 4 spell: Fulminant Prism
  1598 | D:2      | Reached skill level 5 in Spellcasting
  1598 | D:2      | Reached skill level 5 in Conjurations
  1786 | D:2      | Noticed Natasha
  1789 | D:2      | Killed Natasha
  1790 | D:2      | Reached skill level 1 in Hexes
  1861 | D:2      | Noticed Natasha
  1866 | D:2      | Killed Natasha
  1867 | D:2      | Reached XP level 5. HP: 21/28 MP: 9/15
  2537 | D:3      | Found a faded altar of an unknown god.
  2762 | D:3      | Noticed Grinder
  2772 | D:3      | Gained mutation: You have large cloven feet. [potion of
                  | mutation]
  2772 | D:3      | Gained mutation: You passively map a small area around you.
                  | [potion of mutation]
  2772 | D:3      | Gained mutation: You have hoof-like feet. [potion of
                  | mutation]
  2774 | D:3      | Killed by an exploding ball python... ignited by their
                  | inner flame

Illustrated notes

Levels and vault maps discovered:
D:1:      lightli_arrival_farm, layout_rooms
D:2:      layout_basic, chequers_serial_rivers_large_a, uniq_natasha
D:3:      wad_lake_hut, layout_basic, shapermc_ecumenical_altar_mp_urbaneastern,
          minmay_crystal_room, kennysheep_generic_room_5, uniq_grinder,
          uniq_jessica

Skill      XL: |  1  2  3  4 |
---------------+-------------+-----
Spellcasting   | 4 5 |  5.6
Dodging        | 3 |  3.4
Conjurations   | 5 |  5.2
Hexes          | 1 |  1.6
Stealth        | |  2.4

Action                     |  1- 3 |  4- 6 || total
---------------------------+-------+-------++-------
  Melee: Unarmed           |    33 |       ||    33
         Staff             |       |     1 ||     1
         Kick              |       |     1 ||     1
   Cast: Magic Dart        |    69 |    51 ||   120
         Fulminant Prism   |       |     1 ||     1
         Dazzling Flash    |       |     1 ||     1
    Use: Scroll            |       |     2 ||     2
         Potion            |       |     1 ||     1
 Armour: Robe              |    10 |     3 ||    13
  Dodge: Dodged            |    45 |    11 ||    56
         Form:             |     1 |       ||     1
         Storm             |     1 |       ||     1

Table legend: (Time is in decaauts)
 A = Elapsed time spent in this place.
 B = Non-inter-level travel time spent in this place.
 C = Inter-level travel time spent in this place.
 D = Time resting spent in this place.
 E = Time spent auto-exploring this place.
 F = Levels seen in this place.
 G = Mean time per level.
                   A        B        C        D        E       F      G
               +--------+--------+--------+--------+--------+-----+--------+
         Total |   2818 |   2716 |    102 |    488 |   1817 |   3 |  939.3 |
       Dungeon |   2818 |   2716 |    102 |    488 |   1817 |   3 |  939.3 |
               +--------+--------+--------+--------+--------+-----+--------+

Top non-repeatable levels by time:
     D:1: 1224 daAuts
     D:2: 1212 daAuts
     D:3: 381 daAuts
